 Dungeon Crawl Stone Soup version 0.30-a0-365-ge7f957f1db (webtiles) character file.

Game seed: 9553192535744044401

2142 mopl the Basher (level 9, -1/51 HPs)
             Began as a Gargoyle Delver on Nov 16, 2022.
             Was a Believer of Okawaru.
             Slain by a steam dragon (3 damage)
             ... on level 7 of the Dungeon.
             The game lasted 00:08:24 (6119 turns).

mopl the Basher (Gargoyle Delver)                   Turns: 6119, Time: 00:08:24

Health: -1/51      AC: 13    Str: 20    XL:     9   Next: 30%
Magic:  9/9        EV: 12    Int: 11    God:    Okawaru [**....]
Gold:   525        SH:  0    Dex: 17    Spells: 8/8 levels left

rFire   . . .      SeeInvis .    a - +2 flail (drain)
rCold   . . .      Faith    +    (no shield)
rNeg    + . .      Spirit   .    k - +0 troll leather armour {Pargi}
rPois   ∞          Reflect  .    o - +0 helmet
rElec   +          Harm     .    B - scarf {repulsion}
rCorr   +          Rampage  .    x - +0 pair of gloves
Will    .....                    M - +0 pair of boots
Stlth   +++.......               t - amulet of faith {!P}
HPRegen 1.08/turn                N - +6 ring of dexterity
MPRegen 0.11/turn                L - ring of resist corrosion

@: repel missiles
A: sickness immunity, AC +6, negative energy resistance 1, electricity
resistance, torment resistance 1, petrification resistance
a: Renounce Religion, Heroism


You were on level 7 of the Dungeon.
You worshipped Okawaru.
Okawaru was pleased with you.
You visited 2 branches of the dungeon, and saw 9 of its levels.
You also visited: Sewer.

You collected 525 gold pieces.

Inventory:

Hand Weapons
 a - a +2 flail of draining (weapon)
 q - the +1 hand axe of Langapnu {drain, rElec rN+ Will- Str+3}
   (You found it on level 3 of the Dungeon)

   A truly terrible weapon, it drains the life of any living foe it strikes.
   Str:       It affects your strength (+3).
   rElec:     It insulates you from electricity.
   rN:        It protects you from negative energy.
   Will:      It decreases your willpower.
Missiles
 u - 2 poisoned darts (quivered)
 E - 2 silver boomerangs
 G - 5 boomerangs
Armour
 k - a +0 troll leather armour (worn) {Pargi}
 o - a +0 helmet (worn)
 x - a +0 pair of gloves (worn)
 B - a scarf of repulsion (worn)
 M - a +0 pair of boots (worn)
Jewellery
 t - an amulet of faith (around neck) {!P}
 H - a ring of positive energy
 J - a ring of wizardry
 L - a ring of resist corrosion (right hand)
 N - a +6 ring of dexterity (left hand)
Wands
 g - a wand of digging (3)
 F - a wand of flame (15)
 O - a wand of polymorph (5)
Scrolls
 c - 4 scrolls of fog
 d - a scroll of magic mapping
 e - 2 scrolls of fear
 h - 2 scrolls of enchant armour {unknown}
 i - 8 scrolls of identify {unknown}
 l - 5 scrolls of vulnerability {unknown}
 m - a scroll of noise {unknown}
 n - 2 scrolls of amnesia {unknown}
 s - a scroll of blinking {unknown}
 v - 7 scrolls of teleportation {unknown}
 y - a scroll of brand weapon {unknown}
 C - a scroll of summoning {unknown}
 I - a scroll of poison {unknown}
Potions
 b - a potion of attraction {unknown}
 f - 2 potions of haste
 j - a potion of lignification {!q}
 p - 2 potions of heal wounds
 r - a potion of magic {unknown}
 w - 3 potions of curing {unknown}
 z - a potion of degeneration {unknown}
 A - a potion of invisibility {unknown}
 D - 2 potions of berserk rage {unknown}
 K - a potion of might {unknown}


   Skills:
 + Level 3.5 Fighting
 + Level 11.7 Maces & Flails
 + Level 1.0 Throwing
 + Level 1.0 Armour
 + Level 1.9 Dodging
 - Level 5.4 Stealth
 + Level 1.1 Invocations
 + Level 0.8 Evocations


You had 8 spell levels left.
You didn't know any spells.
Your spell library contained the following spells:

 Spells                   Type           Power      Damage    Failure   Level
 Apportation              Tloc           0%         N/A       38%         1
 Beastly Appendage        Tmut           0%         N/A       38%         1
 Necrotise                Necr           0%         1d4       38%         1
 Poisonous Vapours        Pois/Air       0%         N/A       54%         2
 Wereblood                Tmut           0%         N/A       54%         2
 Mephitic Cloud           Conj/Pois/Air  0%         N/A       77%         3
 Spider Form              Tmut/Pois      0%         N/A       77%         3
 Stone Arrow              Conj/Erth      0%         3d7       77%         3
 Passage of Golubria      Tloc           0%         N/A       99%         4
 Yara's Violent Unravell  Hex/Tmut       0%         3d3       100%        5
 Lehudib's Crystal Spear  Conj/Erth      0%         10d2      100%        8
 Summon Small Mammal      Summ           Unusable   N/A       N/A         1
 Cigotuvi's Dreadful Rot  Necr/Pois/Air  Unusable   N/A       N/A         2
 Tukima's Dance           Hex            Unusable   N/A       N/A         3
 Animate Armour           Summ/Erth      Unusable   N/A       N/A         4

Dungeon Overview and Level Annotations

Branches:
Dungeon (8/15)             Temple (1/1) D:4           Sewer (visited)
   Lair: D:8-11

Altars:
Dithmenos
Elyvilon
Fedhas
Hepliaklqana
Kikubaaqudgha
Makhleb
Okawaru
Qazlal
Sif Muna
Trog
Uskayaw
Yredelemnul
Zin
The Shining One

Annotations:
D:6 3 runed translucent doors, DEFE's ghost, novice DERe


Innate Abilities, Weirdness & Mutations

You are immune to sickness and miasma.
Your stone body is resilient. (AC +6)
You are immune to poison.
You resist negative energy. (rN+)
You are resistant to electric shocks. (rElec)
You are resistant to unholy torment.
You are immune to petrification.


Message History

The steam dragon breathes steam at you. The ball of steam hits you!!
Ouch! That really hurt!
You are too injured to fight recklessly!
Unknown command.
The steam dragon bites you but does no damage.
The steam dragon barely misses you.
There is a stone staircase leading up here.
Unknown command.
The steam dragon completely misses you.
The steam dragon claws you but does no damage.
You climb upwards.
There is a stone staircase leading down here.
You hit the steam dragon.
The steam dragon is moderately wounded.
You closely miss the steam dragon.
The steam dragon is moderately wounded.
The steam dragon breathes steam at you. The ball of steam hits you.
You sock the steam dragon!
The steam dragon is heavily wounded.
You are engulfed in a cloud of scalding steam.
The steam dragon bites you but does no damage.
The steam dragon closely misses you.
You hit the steam dragon.
The steam dragon is heavily wounded.
You are engulfed in a cloud of scalding steam.
The steam dragon closely misses you.
The steam dragon claws you but does no damage.
You hit the steam dragon.
The steam dragon is severely wounded.
The steam dragon breathes steam at you. The ball of steam hits you!
* * * LOW HITPOINT WARNING * * *
You closely miss the steam dragon.
The steam dragon is severely wounded.
You are engulfed in a cloud of scalding steam.
* * * LOW HITPOINT WARNING * * *
The steam dragon bites you.
You die...

#########..#....#
.............##<####
##########.........##
# ##.........## #
#...........#
#...<.......#
#...........#
##.........##
##...#@D.## #########


You could see a steam dragon.

Vanquished Creatures
  A wyvern (D:8)
  Pargi (Sewer)
  2 black bears (D:5)
  An ogre (D:6)
  A sky beast (D:7)
  An ice beast (D:8)
  A centaur (D:6)
  A phantom (D:3)
  A bullfrog (D:6)
  2 scorpions
  4 wights (D:7)
  Dowan (D:4)
  4 howler monkeys
  A hound (D:5)
  A jelly (D:8)
  4 orc priests
  2 iguanas
  8 orc wizards
  5 adders
  A river rat (D:5)
  2 white imps
  An ufetubus (D:5)
  4 worms
  2 dart slugs (D:3)
  26 orcs
  14 endoplasms
  4 giant cockroaches
  7 goblins
  4 hobgoblins
  3 jackals (D:2)
  5 quokkas
  6 ball pythons
  A bat (D:1)
  2 frilled lizards
  8 kobolds
  7 rats
139 creatures vanquished.

Vanquished Creatures (others)
  Duvessa (D:4)
1 creature vanquished.

Grand Total: 140 creatures vanquished

Notes
Turn   | Place    | Note
-------+----------+-------------------------------------------
     0 | D:5      | mopl the Gargoyle Delver began the quest for the Orb.
     0 | D:5      | Reached XP level 1. HP: 14/14 MP: 1/1
     4 | D:5      | Noticed a scorpion
    14 | D:5      | Killed a scorpion
    15 | D:5      | Reached skill level 4 in Maces & Flails
    15 | D:5      | Reached XP level 2. HP: 6/19 MP: 2/2
    15 | D:5      | Reached XP level 3. HP: 7/23 MP: 3/3
    24 | D:5      | Found a glowing drain.
    37 | D:5      | Reached XP level 4. HP: 13/28 MP: 4/4
    63 | Sewer    | Entered a sewer
    98 | Sewer    | Noticed Pargi
   232 | Sewer    | Killed Pargi
   233 | Sewer    | Reached skill level 5 in Maces & Flails
   233 | Sewer    | Reached XP level 5. HP: 32/32 MP: 5/5
   309 | D:5      | Noticed a black bear
   338 | D:5      | Killed a black bear
   339 | D:5      | Reached skill level 6 in Maces & Flails
   339 | D:5      | Reached XP level 6. HP: 6/37 MP: 6/6
   801 | D:5      | Noticed a black bear
   818 | D:5      | Killed a black bear
   819 | D:5      | Reached skill level 7 in Maces & Flails
   888 | D:5      | Reached XP level 7. HP: 41/41 MP: 7/7
  1155 | D:3      | Reached skill level 8 in Maces & Flails
  1220 | D:3      | Identified the +1 hand axe of Langapnu {drain, rElec rN+
                  | Will- Str+3}
  3861 | D:4      | Found a staircase to the Ecumenical Temple.
  3892 | D:4      | Noticed Dowan
  3967 | Temple   | Entered the Ecumenical Temple
  4032 | Temple   | Became a worshipper of Warmaster Okawaru
  4109 | D:4      | Noticed Duvessa
  4127 | D:4      | Killed Duvessa
  4128 | D:4      | Reached skill level 9 in Maces & Flails
  4128 | D:4      | Reached XP level 8. HP: 46/46 MP: 8/8
  4130 | D:4      | Killed Dowan
  4890 | D:6      | Found a runed translucent gate.
  4890 | D:6      | Found a runed translucent gate.
  4890 | D:6      | Found a runed translucent gate.
  4897 | D:6      | Noticed DEFE's ghost (novice DERe)
  4967 | D:6      | Reached skill level 10 in Maces & Flails
  5296 | D:7      | Reached * piety under Okawaru
  5464 | D:7      | Reached skill level 11 in Maces & Flails
  5570 | D:7      | Reached XP level 9. HP: 40/51 MP: 9/9
  5875 | D:8      | Found a white marble altar of Elyvilon.
  6048 | D:8      | Reached ** piety under Okawaru
  6101 | D:8      | Found a basalt altar of Yredelemnul.
  6102 | D:8      | Found a shimmering blue altar of Sif Muna.
  6107 | D:8      | Reached skill level 1 in Throwing
  6107 | D:8      | Reached skill level 1 in Armour
  6107 | D:8      | Reached skill level 1 in Invocations
  6107 | D:8      | Found a shadowy altar of Dithmenos.
  6109 | D:8      | Found a glowing silver altar of Zin.
  6109 | D:8      | Found a blossoming altar of Fedhas.
  6119 | D:7      | HP: 1/51 [steam dragon] (7)]
  6119 | D:7      | Slain by a steam dragon

Illustrated notes

Levels and vault maps discovered:
D:1:      dpeg_arrival_more_subterranean_lakeside_camping, layout_basic
D:2:      layout_basic
D:3:      layout_basic
D:4:      layout_basic, minmay_temple_entry_from_below_b, uniq_duvessa
D:5:      layout_loops_ring, portal_sewer_entry_b
D:6:      layout_gridville, ebering_ghost_rock_garden
D:7:      layout_rooms
D:8:      layout_rooms, grunt_temple_overflow_open, amcnicky_altar_gilded,
          kennysheep_cross_room, uniq_prince_ribbit1
Temple:   dpeg_chambers_temple

Skill      XL: |  1  2  3  4  5  6  7  8  9 |
---------------+----------------------------+-----
Maces & Flails | 4 5 6 7 9 11 | 11.7
Throwing       | 1 |  1.0
Armour         | 1 |  1.0
Invocations    | 1 |  1.1
Fighting       | |  3.5
Dodging        | |  1.9
Stealth        | |  5.4
Evocations     | |  0.8

Action                   |  1- 3 |  4- 6 |  7- 9 || total
-------------------------+-------+-------+-------++-------
Melee: Mace              |    11 |   115 |   277 ||   403
       Punch             |     1 |     1 |     9 ||    11
       Unarmed           |       |     5 |       ||     5
       Flail             |       |       |   165 ||   165
  Use: Potion            |       |     1 |       ||     1
 Stab: Sleeping          |       |     6 |    23 ||    29
       Distracted        |       |       |     1 ||     1
Armor: Leather armour    |     4 |     3 |       ||     7
       Skin              |       |    10 |       ||    10
       Troll leather arm |       |    73 |   202 ||   275
Dodge: Dodged            |     6 |    76 |   211 ||   293
       Repelled          |       |       |     5 ||     5

Table legend: (Time is in decaauts)
 A = Elapsed time spent in this place.
 B = Non-inter-level travel time spent in this place.
 C = Inter-level travel time spent in this place.
 D = Time resting spent in this place.
 E = Time spent auto-exploring this place.
 F = Levels seen in this place.
 G = Mean time per level.
                   A        B        C        D        E       F      G
               +--------+--------+--------+--------+--------+-----+--------+
         Total |   6116 |   5698 |    418 |     59 |   4209 |  10 |  611.6 |
       Dungeon |   5812 |   5422 |    390 |     45 |   4123 |   8 |  726.5 |
        Temple |     92 |     65 |     27 |      0 |     56 |   1 |   92.0 |
         Sewer |    210 |    210 |      0 |     14 |     30 |   1 |  210.0 |
               +--------+--------+--------+--------+--------+-----+--------+

Top non-repeatable levels by time:
     D:2: 1190 daAuts
     D:5: 981 daAuts
     D:4: 944 daAuts
     D:1: 737 daAuts
     D:3: 623 daAuts
     D:7: 577 daAuts
     D:6: 485 daAuts
     D:8: 271 daAuts
   Sewer: 210 daAuts
  Temple: 92 daAuts
